[Event "*** SCC Grand Prix: Titled Tuesday Blitz"]
[Site "Chess.com"]
[Date "2020.07.07"]
[Round "2"]
[White "chessfrendz"]
[Black "StephenDedalus83"]
[Result "0-1"]
[WhiteElo "2335"]
[BlackElo "2804"]
[TimeControl "180+1"]
[EndTime "10:17:35 PDT"]
[Termination "StephenDedalus83 won by checkmate"]

1. d4 Nf6 2. Nf3 g6 3. c4 Bg7 4. Nc3 O-O 5. e4 d6 6. Be2 e5 7. O-O Nc6 8. d5 Ne7 9. Ne1 Ne8 10. Be3 f5 11. f3 f4 12. Bf2 h5 13. a4 g5 14. c5 Rf6 15. a5 Rg6 16. cxd6 Nxd6 17.
h3 Kh8 18. Ra3 Ng8 19. Nb5 g4 20. fxg4 hxg4 21. Nxd6 cxd6 22. hxg4 Nh6 23. Rh3 Kg8 24. b4 Nxg4 25. Rh5 Nxf2 26. Rxf2 Bf6 27. Nf3 Bg4 28.
Rh1 Kg7 29. Nd2 Bxe2 30. Qxe2 Bh4 31. Rf1 Bg3 32. Qh5 Rc8 33. Qh7+ Kf6 34. Nf3 Qc7 35. Qh3 Kg7 36. Qh7+ Kf6 37. Qh3 Rf8 38. Nh4 Bxh4 39.
Qxh4+ Kf7 40. Qh7+ Rg7 41. Qh5+ Ke7 42. Qh4+ Rf6 43.
Rh3 Qc2 44. Qh8 Qxg2# 0-1

[Event "*** SCC Grand Prix: Titled Tuesday Blitz"]
[Site "Chess.com"]
[Date "2020.07.07"]
[Round "2"]
[White "ChessArchitect64"]
[Black "SHIVACalypso"]
[Result "0-1"]
[WhiteElo "1875"]
[BlackElo "2347"]
[TimeControl "180+1"]
[EndTime "10:17:35 PDT"]
[Termination "SHIVACalypso won by resignation"]

1. d4 e6 2. Nf3 Nf6 3. Bg5 d5 4.
e3 Be7 5. Bd3 h6 6. Bh4 O-O 7.
O-O c5 8. c3 Nc6 9. Nbd2 Nd7 10.
Bg3 Bf6 11. Bd6 Re8 12. dxc5 e5 13. e4 d4 14. c4 Be7 15. a3 Bxd6 16. cxd6 Qf6 17. b4 Qxd6 18. c5 Qf6 19. Nc4 Nf8 20.
Nfd2 Ne6 21. Nd6 Rd8 22. N2c4 Nf4 23. Qf3 h5 24. h3 Nxh3+ 25. Kh2 Nf4 26. g3 Bg4 27.
Qxg4 hxg4 28. gxf4 exf4 29. Rh1 g6 30. Nxb7 Rdb8 31. Nbd6 Kg7 32. Kg2 f3+ 33. Kg3 Rh8 34. Rag1 Ne5 35. b5 0-1

[Event "*** SCC Grand Prix: Titled Tuesday Blitz"]
[Site "Chess.com"]
[Date "2020.07.07"]
[Round "2"]
[White "Shield12"]
[Black "mamey78"]
[Result "1-0"]
[WhiteElo "2828"]
[BlackElo "2438"]
[TimeControl "180+1"]
[EndTime "10:17:36 PDT"]
[Termination "Shield12 won by resignation"]

1. e4 e5 2. Nf3 Nc6 3. Bb5 a6 4. Ba4 Nf6 5. O-O b5 6. Bb3 Be7 7. d3 O-O 8. Nc3 Bb7 9. a3 d6 10. Nd5 Nxd5 11. Bxd5 Qd7 12. Re1 Nd8 13. Ba2 Ne6 14. c3 Kh8 15. d4 f6 16. h3 exd4 17. cxd4 Rae8 18. d5 Ng5 19. Nd4 Bd8 20. Qd3 c5 21.
dxc6 Bxc6 22. Nxc6 Qxc6 23. Bd5 Qd7 24. Bf4 Nf7 25.
Rac1 Ne5 26. Qg3 Bb6 27. Be3 Bxe3 28. Qxe3 f5 29. f4 Nc4 30. Qd4 fxe4 31. b3 Na5 32.
Qb6 Qd8 33. Qxd8 Rxd8 34. Rxe4 g6 35. Rc7 Rfe8 36. Rxe8+ Rxe8 37. Ra7 Re1+ 38. Kf2 Rd1 39. Rxa6 Rxd5 40. Rxa5 Rd2+ 41. Kf1 Ra2 42. Kg1 Kg7 43. Kh2 Kf6 44. Kg3 h5 45. Kf3 Kf5 46. Rxb5+ 1-0

[Event "*** SCC Grand Prix: Titled Tuesday Blitz"]
[Site "Chess.com"]
[Date "2020.07.07"]
[Round "2"]
[White "ZAbdumalik"]
[Black "JoliyRoger"]
[Result "1-0"]
[WhiteElo "2583"]
[BlackElo "2259"]
[TimeControl "180+1"]
[EndTime "10:17:37 PDT"]
[Termination "ZAbdumalik won by resignation"]

1. e4 c6 2. d4 d5 3. Nd2 dxe4 4.
Nxe4 Bf5 5. Ng3 Bg6 6. h4 h6 7.
Nh3 e6 8. Nf4 Bh7 9. Bd3 Bxd3 10.
Qxd3 Nf6 11. Bd2 Nbd7 12. O-O-O Qc7 13. Rhe1 O-O-O 14. Kb1 Bd6 15. Qf3 Rhe8 16. Nd3 c5 17. dxc5 Nxc5 18. Nxc5 Qxc5 19. Bc3 Be7 20. a3 Rxd1+ 21.
Rxd1 Rd8 22. Rxd8+ Bxd8 23. Ne2 a6 24. b4 Qc4 25. Kb2 Be7 26. g3 Bd8 27. Nf4 h5 28. Nxh5 Nd5 29. Bxg7 a5 30. bxa5 Bxa5 31. Qd3 Qc6 32.
Bd4 f6 33. Nxf6 Nxf6 34. Bxf6 Qb6+ 35. Qb3 Qxf2 36. Be5 Qf7 37. g4 Be1 38. h5 Bh4 39. Qc4+ Kd8 40. Qd4+ Kc8 41. Qd6 Bg5 42. Qb8+ Kd7 43.
Qxb7+ Ke8 44. Qxf7+ 1-0

[Event "*** SCC Grand Prix: Titled Tuesday Blitz"]
[Site "Chess.com"]
[Date "2020.07.07"]
[Round "2"]
[White "Reader777"]
[Black "DishonorOnYourCow"]
[Result "1-0"]
[WhiteElo "2668"]
[BlackElo "2324"]
[TimeControl "180+1"]
[EndTime "10:17:38 PDT"]
[Termination "Reader777 won on time"]

1. d4 Nf6 2. c4 g6 3. g3 Bg7 4. Bg2 d5 5. cxd5 Nxd5 6. e4 Nb6 7. Ne2 O-O 8. O-O Nc6 9. d5 Na5 10. Nbc3 c6 11. b3 cxd5 12. exd5 Bg4 13. Bb2 Rc8 14. Rc1 Qd7 15. Re1 Rfd8 16. Qd2 Bxe2 17. Qxe2 Bf6 18. Red1 Qf5 19. Ne4 Bxb2 20. Rxc8 Rxc8 21. Qxb2 Nd7 22. Qa3 b6 23. Qxe7 1-0

[Event "*** SCC Grand Prix: Titled Tuesday Blitz"]
[Site "Chess.com"]
[Date "2020.07.07"]
[Round "2"]
[White "Boudicca64"]
[Black "Trickov"]
[Result "1-0"]
[WhiteElo "1805"]
[BlackElo "2327"]
[TimeControl "180+1"]
[EndTime "10:17:38 PDT"]
[Termination "Boudicca64 won by resignation"]

1. e4 c5 2. g3 Nc6 3. Bg2 g6 4. Ne2 Bg7 5. c3 e5 6. O-O Nge7 7. d3 O-O 8. Be3 b6 9. d4 d6 10. d5 Nb8 11. c4 f5 12. Nbc3 Nd7 13. f4 Nf6 14.
fxe5 dxe5 15. d6 Nc6 16. exf5 Bd7 17. fxg6 hxg6 18. Nd5 Nd4 19. Nxf6+ Bxf6 20. Bxa8 Qxa8 21. Bxd4 exd4 22. Nf4 Bf5 23. Nd5 Bg5 24. Ne7+ Bxe7 25.
dxe7 Re8 26. Qe2 Qc6 27. Rae1 d3 28. Qf3 Qd6 29. Qd5+ Qxd5 30. cxd5 c4 31. d6 b5 32. Rxf5 gxf5 33. d7 d2 34. dxe8=Q+ 1-0

[Event "*** SCC Grand Prix: Titled Tuesday Blitz"]
[Site "Chess.com"]
[Date "2020.07.07"]
[Round "2"]
[White "Fortitudine"]
[Black "djano"]
[Result "0-1"]
[WhiteElo "2240"]
[BlackElo "2454"]
[TimeControl "180+1"]
[EndTime "10:17:39 PDT"]
[Termination "djano won by resignation"]

1. d4 g6 2. e4 Bg7 3. Nc3 d6 4. Be3 a6 5. a4 b6 6. Qd2 Bb7 7.
f3 Nd7 8. Nge2 c5 9. h4 h6 10. dxc5 bxc5 11. Nf4 Ne5 12. Be2 Nf6 13. Nfd5 Nfd7 14.
f4 Nc6 15. h5 e6 16. hxg6 fxg6 17. f5 exd5 18. Qxd5 Nf6 19. Qe6+ Qe7 20. Qxe7+ Nxe7 21. fxg6 Nxe4 22. Nxe4 Bxe4 23. O-O-O Nf5 24. Bf4 d5 25.
Rhe1 O-O 26. g4 Nd4 27. Bd6 Rf2 28. Bxc5 Nxe2+ 29. Kb1 Rg2 0-1

[Event "*** SCC Grand Prix: Titled Tuesday Blitz"]
[Site "Chess.com"]
[Date "2020.07.07"]
[Round "2"]
[White "Artem_Sadovsky"]
[Black "Hippotaner"]
[Result "1-0"]
[WhiteElo "2548"]
[BlackElo "2304"]
[TimeControl "180+1"]
[EndTime "10:17:40 PDT"]
[Termination "Artem_Sadovsky won by checkmate"]

1. Nf3 Nf6 2. g3 g6 3. Bg2 Bg7 4. O-O d6 5. c4 O-O 6. b3 c5 7. Bb2 Nc6 8. d4 Bf5 9. d5 Nb4 10. Ne1 Qc7 11. Nd2 e6 12. e4 Bg4 13. f3 Bh5 14. e5 dxe5 15. g4 exd5 16. gxh5 d4 17. hxg6 fxg6 18. a3 Nc6 19. Nd3 b6 20. f4 exf4 21. Nxf4 Rae8 22. Nd5 Nxd5 23. Bxd5+ Kh8 24.
Rxf8+ Rxf8 25. Nf3 Bh6 26. Qe2 Qf4 27. Rf1 Qg4+ 28.
Kh1 Bg7 29. Bxc6 h5 30. Be4 Kh7 31. Rg1 Qf4 32. Rxg6 Kh8 33. Ng5 Be5 34. Qxh5# 1-0

[Event "*** SCC Grand Prix: Titled Tuesday Blitz"]
[Site "Chess.com"]
[Date "2020.07.07"]
[Round "2"]
[White "jerry_77"]
[Black "DonBroca"]
[Result "1-0"]
[WhiteElo "2415"]
[BlackElo "2133"]
[TimeControl "180+1"]
[EndTime "10:17:41 PDT"]
[Termination "jerry_77 won by resignation"]

1. e4 c5 2. Nc3 e6 3. f4 d5 4.
exd5 exd5 5. Nf3 Nf6 6. d4 Be7 7. Bb5+ Bd7 8. Bxd7+ Qxd7 9. O-O O-O 10. Ne5 Qd8 11. dxc5 Bxc5+ 12. Kh1 Nc6 13. Nd3 Bb6 14. f5 d4 15. Ne2 Qd7 16. Ng3 Rfe8 17. Qf3 Rad8 18.
Bg5 Qd6 19. Bxf6 Qxf6 20. Nh5 Qd6 21. Qg4 Qf8 22. Nf6+ Kh8 23. Nxe8 Rxe8 24. Nf4 Ne5 25. Qh3 Qd6 26. Rae1 Bc7 27. Nd3 f6 28. Nxe5 fxe5 29. f6 gxf6 30. Rf5 Re7 31. Ref1 Rf7 32. Qf3 Bd8 33. Qb3 Rg7 34. R5f3 e4 35. Rh3 e3 36.
Qb5 Qe5 37. Qe2 f5 38. Rhf3 Bc7 39. g3 f4 40. Rxf4 Qh5 41. Qxh5 1-0

[Event "*** SCC Grand Prix: Titled Tuesday Blitz"]
[Site "Chess.com"]
[Date "2020.07.07"]
[Round "2"]
[White "kingofkolkata"]
[Black "Zarinur"]
[Result "1-0"]
[WhiteElo "2417"]
[BlackElo "2128"]
[TimeControl "180+1"]
[EndTime "10:17:42 PDT"]
[Termination "kingofkolkata won on time"]

1. d4 Nf6 2. Bd2 d5 3. c4 c6 4. Nc3 Bf5 5. cxd5 cxd5 6. Qb3 b6 7. Bg5 e6 8. e3 Be7 9. Bb5+ Nbd7 10. Nf3 O-O 11. O-O h6 12. Bh4 a6 13. Bc6 Ra7 14.
Ne5 Nxe5 15. dxe5 Ne4 16. Bxe7 Qxe7 17. Nxe4 Bxe4 18. Qxb6 Rc8 19. f3 Bd3 20. Rfd1 Bg6 21. Rac1 Rac7 22. b4 Kh7 23. a4 f6 24. exf6 Qxf6 25.
Qxa6 Qb2 26. b5 Qb3 27. Re1 Bd3 28. a5 Qb4 29. Qb6 Qa4 30. a6 Qb4 31. Qd4 1-0

[Event "*** SCC Grand Prix: Titled Tuesday Blitz"]
[Site "Chess.com"]
[Date "2020.07.07"]
[Round "2"]
[White "Tenamu"]
[Black "m-garcett"]
[Result "1-0"]
[WhiteElo "2386"]
[BlackElo "2060"]
[TimeControl "180+1"]
[EndTime "10:17:42 PDT"]
[Termination "Tenamu won by resignation"]

1. d4 Nf6 2. Nc3 d5 3. Bf4 Bf5 4. f3 e6 5. g4 Bg6 6. h4 h5 7. g5 Nfd7 8. e3 c5 9. Bd3 Bxd3 10. Qxd3 cxd4 11. exd4 Nc6 12. g6 f6 13. O-O-O Qa5 14. Re1 e5 15. dxe5 fxe5 16. Qxd5 Qxd5 17. Nxd5 O-O-O 18. Bg5 Re8 19. Nh3 Nd4 20. Rhf1 Bd6 21. c3 Nf5 22. Nf2 Rhf8 23. Ne4 Bb8 24. Nd2 Ng3 25.
Rg1 Nf5 26. Re4 b5 27. a4 Nc5 28. axb5 Nxe4 29. Nxe4 Nd6 30. Be7 Nxe4 31. Bxf8 Rxf8 32. fxe4 Rf2 33. Ne7+ Kd7 34. Nf5 Bd6 35. Rd1 1-0

[Event "*** SCC Grand Prix: Titled Tuesday Blitz"]
[Site "Chess.com"]
[Date "2020.07.07"]
[Round "2"]
[White "Carnivoras"]
[Black "GGfrances"]
[Result "0-1"]
[WhiteElo "2593"]
[BlackElo "2323"]
[TimeControl "180+1"]
[EndTime "10:17:43 PDT"]
[Termination "GGfrances won by resignation"]

1. d4 Nf6 2. Nf3 g6 3. Bg5 Bg7 4. Nbd2 d5 5. e3 Nbd7 6. Bd3 O-O 7. O-O Re8 8. c4 c5 9. cxd5 cxd4 10. Nxd4 Nxd5 11. Qb3 Nc5 12. Qc2 Nxd3 13. Qxd3 h6 14. Bh4 g5 15. Bg3 e5 16. N4b3 Be6 17. e4 Nf4 18. Qe3 b6 19. Rfd1 Re7 20. Rac1 Rd7 21. Rf1 Rc8 22. Rxc8 Qxc8 23. Nb1 Rd3 24. Qe1 Qc2 25.
Nc3 Bxb3 26. axb3 Qxb3 27. Nd5 Qxb2 28. Ne7+ Kh8 29. Nf5 a5 30. Bxf4 exf4 31. f3 Rd2 32. Kh1 Rxg2 0-1

[Event "*** SCC Grand Prix: Titled Tuesday Blitz"]
[Site "Chess.com"]
[Date "2020.07.07"]
[Round "2"]
[White "malandragem"]
[Black "dodorox"]
[Result "1-0"]
[WhiteElo "2389"]
[BlackElo "2072"]
[TimeControl "180+1"]
[EndTime "10:17:43 PDT"]
[Termination "malandragem won on time"]

1. a3 d5 2. Nf3 Nf6 3. g3 e6 4. Bg2 c5 5. O-O Nc6 6. d3 Be7 7. Nbd2 b6 8. c4 Bb7 9. Rb1 O-O 10. b3 Qc7 11. Bb2 d4 12. Qc2 e5 13. e4 Nh5 14. Bc1 g6 15. Qd1 Ng7 16. Ne1 f5 17.
exf5 gxf5 18. Ndf3 Rae8 19. Bh6 Bf6 20. Nh4 Bxh4 21.
gxh4 Ne7 22. Nf3 Ng6 23. h5 Bxf3 24. Bxf3 Nh4 25. Bd5+ Kh8 26. f4 e4 27. dxe4 fxe4 28.
Qg4 Nf3+ 29. Rxf3 exf3 30. Qxf3 Qe7 31. Kh1 Qe3 32. Qg4 Re7 33. Rg1 1-0

[Event "*** SCC Grand Prix: Titled Tuesday Blitz"]
[Site "Chess.com"]
[Date "2020.07.07"]
[Round "2"]
[White "binbin239"]
[Black "S2PAc"]
[Result "0-1"]
[WhiteElo "2514"]
[BlackElo "2770"]
[TimeControl "180+1"]
[EndTime "10:17:44 PDT"]
[Termination "S2PAc won by checkmate"]

1. d4 Nf6 2. c4 e6 3. Nf3 c5 4. g3 cxd4 5. Nxd4 Bb4+ 6. Bd2 Qb6 7. Nb3 Qc6 8. Rg1 Qxc4 9. e3 Bxd2+ 10. N1xd2 Qc7 11.
Rc1 Nc6 12. Nd4 d5 13. Qa4 O-O 14. Nxc6 bxc6 15. Qxc6 Qb8 16. Qb5 Bd7 17. Qxb8 Raxb8 18. b3 Rfc8 19. Rxc8+ Rxc8 20. Kd1 Ng4 21. Rg2 e5 22.
Ba6 Rc5 23. h3 Nf6 24. b4 Rc3 25. Nb3 Bxh3 26. Rg1 Bg4+ 27. Kd2 Ne4+ 28. Ke1 Rc2 29. a4 Rb2 30. Nc1 Rb1 31. b5 Rxc1# 0-1

[Event "*** SCC Grand Prix: Titled Tuesday Blitz"]
[Site "Chess.com"]
[Date "2020.07.07"]
[Round "2"]
[White "Oligan22"]
[Black "chargemax23"]
[Result "0-1"]
[WhiteElo "2473"]
[BlackElo "2682"]
[TimeControl "180+1"]
[EndTime "10:17:46 PDT"]
[Termination "chargemax23 won by resignation"]

1. e4 g6 2. d4 Bg7 3. Nc3 d6 4. f4 a6 5. Nf3 Bg4 6. Be3 Nc6 7. e5 Nh6 8. h3 Nf5 9. hxg4 Nxe3 10. Qe2 Nxg4 11.
O-O-O d5 12. g3 e6 13. Ng5 h5 14. Bh3 Nh6 15. g4 hxg4 16. Bxg4 Qe7 17. Na4 O-O-O 18. Nc5 Nxd4 19. Rxd4 Qxc5 20. Bxe6+ Kb8 21. Rhd1 fxe6 22.
Nxe6 Qe7 23. Nxd8 Rxd8 24. c4 g5 25. Rxd5 Rxd5 26. cxd5 gxf4 27. d6 cxd6 28. Rxd6 Bxe5 29. Rxh6 f3 30. Qxf3 Qg5+ 31. Kc2 Qxh6 32. Qe4 Qc6+ 0-1

[Event "*** SCC Grand Prix: Titled Tuesday Blitz"]
[Site "Chess.com"]
[Date "2020.07.07"]
[Round "2"]
[White "jaskol95"]
[Black "12teen"]
[Result "1/2-1/2"]
[WhiteElo "2390"]
[BlackElo "2648"]
[TimeControl "180+1"]
[EndTime "10:17:47 PDT"]
[Termination "Game drawn by repetition"]

1. d4 e6 2. c4 b6 3. Nf3 Bb7 4. g3 Nf6 5. Bg2 d5 6. Ne5 Nbd7 7. Nc3 c6 8. O-O Bd6 9. Nxd7 Qxd7 10. e4 dxe4 11.
Nxe4 Be7 12. Bf4 O-O 13. Qd3 Rfd8 14. Be5 c5 15. Bxf6 gxf6 16. d5 f5 17. Nc3 Bf6 18. Rad1 Bd4 19. Rfe1 a6 20. Qd2 Kh8 21. Qf4 Qd6 22.
Qh4 Re8 23. Rxd4 cxd4 24. Qf6+ Kg8 25. Qg5+ Kf8 26. Qh6+ Kg8 27. Qg5+ Kh8 28. Qf6+ Kg8 29. Qg5+ 1/2-1/2

[Event "*** SCC Grand Prix: Titled Tuesday Blitz"]
[Site "Chess.com"]
[Date "2020.07.07"]
[Round "2"]
[White "Volodar_Murzin"]
[Black "Tactictic"]
[Result "1-0"]
[WhiteElo "2666"]
[BlackElo "2322"]
[TimeControl "180+1"]
[EndTime "10:17:47 PDT"]
[Termination "Volodar_Murzin won by resignation"]

1. e4 e5 2. Nf3 Nc6 3. Bb5 a6 4. Ba4 Nf6 5. O-O b5 6. Bb3 Be7 7. d3 O-O 8. Nc3 d6 9. a3 Na5 10. Ba2 c5 11. Bg5 Be6 12. Bxf6 Bxf6 13. Nd5 Bxd5 14.
Bxd5 Rc8 15. c3 Nc6 16. a4 Qb6 17. axb5 axb5 18. Qb3 Ne7 19. Ra2 Nxd5 20. Qxd5 Qc6 21.
Qxc6 Rxc6 22. Rfa1 g6 23. Ra6 Rfc8 24. Nd2 Kf8 25. g3 h5 26. h4 Bg7 27. Kf1 Ke7 28. Ke2 Ke6 29. c4 b4 30. Ra7 R8c7 31. Ra8 Rc8 32. Nb3 Bf8 33. R1a7 Rxa8 34. Rxa8 Be7 35.
Nd2 Kd7 36. Nf1 Rc8 37. Ra1 f5 38. Ne3 f4 39. Nd5 fxg3 40. Nb6+ Ke6 41. Nxc8 1-0

[Event "*** SCC Grand Prix: Titled Tuesday Blitz"]
[Site "Chess.com"]
[Date "2020.07.07"]
[Round "2"]
[White "MacDaddyMac"]
[Black "Iball95"]
[Result "0-1"]
[WhiteElo "2308"]
[BlackElo "2582"]
[TimeControl "180+1"]
[EndTime "10:17:47 PDT"]
[Termination "Iball95 won by resignation"]

1. e4 e5 2. Nf3 Nc6 3. Bb5 Nf6 4. d3 Bc5 5. O-O Nd4 6. Nxd4 Bxd4 7. c3 Bb6 8. Bg5 h6 9. Bh4 c6 10. Ba4 g5 11.
Bg3 d6 12. d4 Nxe4 13. Re1 Nxg3 14. hxg3 Qf6 15. Qe2 Be6 16. dxe5 dxe5 17. Nd2 O-O-O 18. Ne4 Qg6 19. Rad1 Kb8 20. Bc2 f5 21. Nd6 e4 22.
g4 Rhf8 23. gxf5 Bxf5 24. Nxf5 Rxd1 25. Rxd1 Qxf5 26. Rd2 g4 27. Bxe4 Qg5 28. g3 Rxf2 29.
Qxf2 Bxf2+ 30. Rxf2 Qe3 31. Bf5 Qxg3+ 32. Rg2 Qe1+ 33.
Kh2 Qe5+ 0-1

[Event "*** SCC Grand Prix: Titled Tuesday Blitz"]
[Site "Chess.com"]
[Date "2020.07.07"]
[Round "2"]
[White "hongnhung1234"]
[Black "Glidzhian_Gor"]
[Result "0-1"]
[WhiteElo "2225"]
[BlackElo "2448"]
[TimeControl "180+1"]
[EndTime "10:17:47 PDT"]
[Termination "Glidzhian_Gor won by checkmate"]

1. e4 c6 2. d4 d5 3. f3 g6 4. Nc3 Bg7 5. Be3 dxe4 6. fxe4 e5 7. d5 Nf6 8. Nf3 O-O 9. Be2 cxd5 10. Nxd5 Nxe4 11. O-O Nc6 12. c4 Bg4 13. Qc2 Bxf3 14. Rxf3 Ng5 15. Rf2 Ne6 16. Rd1 Ncd4 17. Bxd4 Nxd4 18. Qe4 Rc8 19. b3 Qg5 20. Bf1 f5 21. Qd3 Rfe8 22. Qe3 Qxe3 23. Nxe3 e4 24. Rfd2 Ne6 25.
g3 Rcd8 26. Nd5 Kf7 27. Kg2 h6 28. h3 g5 29. Be2 f4 30. Bh5+ Kf8 31. Bxe8 Rxe8 32.
gxf4 gxf4 33. Rf2 f3+ 34. Kh1 Bd4 35. Rff1 Kf7 36. Nc7 Nxc7 37. Rxd4 Kf6 38. Rd6+ Kf5 39. Rxh6 Ne6 40. Rh7 Ng5 41. Rd7 Rh8 42. Rd5+ Kf4 43. Kh2 Rxh3+ 44. Kg1 Rg3+ 45. Kf2 e3+ 46. Ke1 Ne4 47.
Rd4 e2 48. Rh1 Ke3 49. Rxe4+ Kxe4 50. c5 Ke3 51. b4 f2# 0-1

[Event "*** SCC Grand Prix: Titled Tuesday Blitz"]
[Site "Chess.com"]
[Date "2020.07.07"]
[Round "2"]
[White "penguingm1"]
[Black "BeanScreen"]
[Result "1-0"]
[WhiteElo "2892"]
[BlackElo "2567"]
[TimeControl "180+1"]
[EndTime "10:17:48 PDT"]
[Termination "penguingm1 won by resignation"]

1. d4 d5 2. Bf4 Nf6 3. e3 c5 4. dxc5 Nc6 5. Bb5 e6 6. b4 a5 7. c3 Ne4 8. f3 Nxc3 9. Nxc3 axb4 10. Na4 Qa5 11. Qd3 Bd7 12. Nb6 b3+ 13. Kf2 b2 14.
Rb1 Rd8 15. Nxd7 Rxd7 16. Rxb2 Bxc5 17. Bxc6 bxc6 18. Rb8+ Rd8 19. Rxd8+ Qxd8 20. Qc3 Qb6 21. Qxg7 Rf8 22. Ne2 Qb4 23. Rc1 Kd7 24. Bh6 Kc8 25. Rxc5 Qxc5 26. Qxf8+ 1-0

[Event "*** SCC Grand Prix: Titled Tuesday Blitz"]
[Site "Chess.com"]
[Date "2020.07.07"]
[Round "2"]
[White "abykhovsky"]
[Black "K-Nygren"]
[Result "1-0"]
[WhiteElo "2689"]
[BlackElo "2477"]
[TimeControl "180+1"]
[EndTime "10:17:48 PDT"]
[Termination "abykhovsky won by resignation"]

1. Nf3 Nf6 2. d4 g6 3. c4 Bg7 4. Nc3 O-O 5. Bg5 d6 6. e3 Nbd7 7. Be2 c6 8. O-O Qc7 9. Qc2 Re8 10.
Rfd1 Nf8 11. Rac1 Bf5 12. e4 Bg4 13. h3 Bxf3 14. Bxf3 h6 15. Be3 g5 16. b4 Ng6 17.
Qd2 e5 18. d5 Bf8 19. g3 a6 20. a4 Qd7 21. Bg2 Kh7 22. a5 Rac8 23. Na4 Qe7 24.
Nb6 Rcd8 25. Kh2 Nf4 26. f3 Nxg2 27. Qxg2 Bg7 28. Qe2 Rg8 29. dxc6 bxc6 30. c5 d5 31. exd5 cxd5 32. c6 d4 33. Bxd4 Qxb4 34. Bf2 e4 35. c7 Rxd1 36. Qxd1 e3 37. Bxe3 Nh5 38. c8=Q Rxc8 39. Qd3+ 1-0

[Event "*** SCC Grand Prix: Titled Tuesday Blitz"]
[Site "Chess.com"]
[Date "2020.07.07"]
[Round "2"]
[White "seorobert1971"]
[Black "Ceejay271"]
[Result "1-0"]
[WhiteElo "2691"]
[BlackElo "2328"]
[TimeControl "180+1"]
[EndTime "10:17:48 PDT"]
[Termination "seorobert1971 won by resignation"]

1. e4 c5 2. Nf3 Nc6 3. Bb5 g6 4. Bxc6 dxc6 5. O-O Bg7 6. d3 Qc7 7. Nbd2 e5 8. a4 Nf6 9. Nc4 Nd7 10. Bd2 O-O 11. Qc1 Re8 12. Bh6 Bh8 13. h3 Nf8 14. Nh2 Ne6 15. c3 b6 16. Ng4 Ba6 17. Qe3 Rad8 18. b3 Nf4 19. Rad1 f5 20. exf5 gxf5 21.
Ngxe5 Bxe5 22. Nxe5 Nxh3+ 23. Qxh3 Qxe5 24. Rfe1 Qf6 25.
Qh5 Qg6 26. Qh4 Rxe1+ 27. Rxe1 Rd7 28. Re3 Rxd3 29. Re7 Rd1+ 30. Kh2 Rd6 31. Rg7+ Qxg7 32. Bxg7 Kxg7 33. Qe7+ 1-0

[Event "*** SCC Grand Prix: Titled Tuesday Blitz"]
[Site "Chess.com"]
[Date "2020.07.07"]
[Round "2"]
[White "DortmundCity"]
[Black "Nara_Kh"]
[Result "1-0"]
[WhiteElo "2594"]
[BlackElo "2310"]
[TimeControl "180+1"]
[EndTime "10:17:48 PDT"]
[Termination "DortmundCity won by resignation"]

1. e4 c5 2. f4 g6 3. Nf3 Bg7 4.
Be2 d6 5. O-O e6 6. d3 Ne7 7. c3 O-O 8. Be3 Nbc6 9. Nbd2 b6 10. Bf2 Rb8 11. d4 h5 12. e5 cxd4 13. cxd4 dxe5 14.
dxe5 Nd5 15. g3 b5 16. Ne4 a6 17. Nfg5 f6 18. exf6 Nxf6 19. Rc1 Nxe4 20. Nxe4 Bd7 21.
Nc5 Rf7 22. Bd3 Ne7 23. Re1 Bc8 24. Bxg6 Qxd1 25. Bxf7+ Kxf7 26. Rcxd1 Bxb2 27. Rd6 Ba3 28. Rd3 Bxc5 29. Bxc5 Nd5 30. f5 Bd7 31. fxe6+ Bxe6 32. Rf3+ Nf6 33. Bd4 1-0

[Event "*** SCC Grand Prix: Titled Tuesday Blitz"]
[Site "Chess.com"]
[Date "2020.07.07"]
[Round "2"]
[White "XiaoKangZhong"]
[Black "Vandros57"]
[Result "1-0"]
[WhiteElo "2411"]
[BlackElo "2124"]
[TimeControl "180+1"]
[EndTime "10:17:49 PDT"]
[Termination "XiaoKangZhong won on time"]

1. e4 c5 2. c3 d5 3. exd5 Qxd5 4.
d4 Nf6 5. Nf3 Bg4 6. Be2 e6 7. h3 Bh5 8. Be3 cxd4 9. cxd4 Nc6 10. Nc3 Qa5 11. O-O Bd6 12. a3 a6 13. b4 Qc7 14. b5 Ne7 15. Qb3 O-O 16. Rac1 Qd8 17.
Bg5 Ned5 18. Nxd5 exd5 19. a4 Re8 20. Rfe1 Be7 21. Ne5 Bxe2 22. Rxe2 Ne4 23. Bxe7 Rxe7 24. Rec2 f6 25. Nd3 axb5 26. axb5 Qd6 27. Nc5 b6 28.
Na4 h6 29. Rc8+ Rxc8 30. Rxc8+ Kh7 31. Rc6 Qf4 32. Qf3 Qxf3 33. gxf3 Nd2 34. Kg2 Re1 35.
Rxb6 Rd1 36. Nc3 Rc1 37. Nxd5 1-0

[Event "*** SCC Grand Prix: Titled Tuesday Blitz"]
[Site "Chess.com"]
[Date "2020.07.07"]
[Round "2"]
[White "tsvet2005"]
[Black "SharapovEvgeny"]
[Result "0-1"]
[WhiteElo "2644"]
[BlackElo "2406"]
[TimeControl "180+1"]
[EndTime "10:17:50 PDT"]
[Termination "SharapovEvgeny won by resignation"]

1. d4 d5 2. c4 c6 3. Nf3 Nf6 4. g3 g6 5. Bg2 Bg7 6. O-O O-O 7. b3 Bf5 8. Bb2 Bxb1 9. Rxb1 e6 10. Qc2 Ne4 11.
Rfd1 Nd7 12. Nd2 f5 13. Nf3 Kh8 14. b4 Qe7 15. Qb3 b5 16. cxb5 cxb5 17. Ne5 Nxe5 18. dxe5 Rac8 19. Rbc1 Rc4 20. a3 Rfc8 21. Rxc4 Rxc4 22.
f3 Ng5 23. Qe3 Nf7 24. f4 Qc7 25. Bd4 a6 26. Bc5 Nd8 27. Bd6 Qc6 28. Qa7 Qb7 29.
Qe3 Qc6 30. Bc5 Nb7 31. Bd4 h5 32. Kf2 a5 33. bxa5 Nxa5 34. Rb1 Bf8 35. Bb6 Ra4 36. Bxa5 Bc5 37. Bd2 Bxe3+ 38. Bxe3 Rxa3 39. Rc1 Qb7 40. Bc5 Ra8 41. Bd6 Rc8 42. Rb1 Rc4 43. e3 b4 44.
Bf1 Rc2+ 45. Kg1 b3 46. Bd3 Rd2 47. Bf1 Qb6 0-1

[Event "*** SCC Grand Prix: Titled Tuesday Blitz"]
[Site "Chess.com"]
[Date "2020.07.07"]
[Round "2"]
[White "Rodchenkov_Vitalij"]
[Black "grzechu96"]
[Result "0-1"]
[WhiteElo "2365"]
[BlackElo "2655"]
[TimeControl "180+1"]
[EndTime "10:17:50 PDT"]
[Termination "grzechu96 won by resignation"]

1. d4 d5 2. Nf3 Nf6 3. c4 c6 4. e3 e6 5. b3 Ne4 6. Bb2 Bb4+ 7.
Nbd2 Qf6 8. Qe2 O-O 9. a3 Nxd2 10. axb4 Ne4 11. Ne5 Nd7 12. Qc2 Nxe5 13. dxe5 Qe7 14. Bc3 b6 15. Bd3 Nxc3 16. Qxc3 Bb7 17. c5 a5 18.
bxa5 bxc5 19. O-O Ba6 20. Bxa6 Rxa6 21. Rfc1 Rb8 22. Qxc5 Qxc5 23. Rxc5 Rxb3 24. Rac1 g5 25. Rxc6 Rxc6 0-1

[Event "*** SCC Grand Prix: Titled Tuesday Blitz"]
[Site "Chess.com"]
[Date "2020.07.07"]
[Round "2"]
[White "DenisQ"]
[Black "Forantes"]
[Result "1-0"]
[WhiteElo "2646"]
[BlackElo "2327"]
[TimeControl "180+1"]
[EndTime "10:17:50 PDT"]
[Termination "DenisQ won by resignation"]

1. Nf3 Nf6 2. c4 g6 3. g3 Bg7 4. Bg2 O-O 5. O-O d5 6. cxd5 Nxd5 7. Nc3 Nb6 8. d4 Nc6 9. e3 Re8 10. Re1 a5 11. d5 Nb4 12. e4 e6 13. a3 Na6 14.
Bg5 Qd7 15. Bh3 Nc5 16. Be3 Bxc3 17. bxc3 Nxe4 18. Bxb6 Nxc3 19. Qc1 Nxd5 20. Bd4 Qd6 21. Qh6 Qf8 22. Qh4 c5 23. Bb2 b5 24. Ng5 h5 25. Rad1 Bb7 26. Nxe6 fxe6 27. Bxe6+ Rxe6 28. Rxe6 Kh7 29. Qe4 Qf7 30. Rxd5 Bxd5 31. Qxd5 Re8 32. Qe5 Rd8 33. Re7 Rd1+ 34. Kg2 1-0